 Dungeon Crawl Stone Soup version 0.31-a0-466-g98c9adc2b6 (webtiles) character file.

Game seed: 5144629658611103328

33 MisterAzrael the Ducker (level 3, -2/28 HPs)
             Began as a Djinni Hexslinger on Aug 5, 2023.
             Engulfed by a cloud of flame (4 damage)
             ... on level 2 of the Dungeon.
             The game lasted 00:01:48 (1214 turns).

MisterAzrael the Ducker (Djinni Hexslinger)         Turns: 1214, Time: 00:01:48

Health: -2/28      AC:  2    Str:  7    XL:     3   Next: 47%
Gold:   103        EV: 13    Int: 16    God:
                   SH:  0    Dex: 15

rFire   + + .        a - +1 sling
rCold   x . .        (no shield)
rNeg    . . .        c - +0 robe
rPois   ∞            (no helmet)
rElec   .            (no cloak)
rCorr   .            (no gloves)
SInv    .            (boots unavailable)
Will    .....        (no amulet)
Stlth   +            (no ring)
HPRegen 0.24/turn    (no ring)
MPRegen 0.00/turn

%: infuse magic (-3 HP)
@: flying
A: sickness immunity, fire resistance 2, cold vulnerability 1, float, innate
caster, HP casting, extra vitality 1
a: no special abilities


You were on level 2 of the Dungeon.
You visited 1 branch of the dungeon, and saw 2 of its levels.

You collected 103 gold pieces.

Inventory:

Hand Weapons
 a - a +1 sling (weapon)
Missiles
 f - 2 throwing nets
Armour
 c - a +0 robe (worn)
Scrolls
 b - a scroll of poison
 d - a scroll of fear {unknown}
 e - a scroll of noise {unknown}
 g - a scroll of teleportation {unknown}
 h - a scroll of fog {unknown}


   Skills:
 + Level 1.6 Fighting
 + Level 2.0 Ranged Weapons
 + Level 2.7 Dodging
 * Level 2.6 Spellcasting
 * Level 2.6 Conjurations
 * Level 2.6 Hexes
   Level 0.0 Charms
 * Level 2.6 Summonings
 * Level 2.6 Necromancy
 * Level 2.6 Translocations
 * Level 2.6 Transmutations
 * Level 2.6 Fire Magic
 * Level 2.6 Ice Magic
 * Level 2.6 Air Magic
 * Level 2.6 Earth Magic
 * Level 2.6 Poison Magic


You knew the following spells:

 Your Spells              Type           Power      Damage    Failure   Level
a - Slow                  Hex            40%        N/A       6%          1
b - Inner Flame           Hex/Fire       10%        N/A       19%         3
c - Portal Projectile     Hex/Tloc       20%        N/A       19%         3
d - Cause Fear            Hex            5%         N/A       54%         4
e - Sandblast             Erth           20%        2d7       6%          1
Your spell library was empty.

Dungeon Overview and Level Annotations

Branches:
Dungeon (2/15)

Altars:


Innate Abilities, Weirdness & Mutations

You are immune to sickness and miasma.
You are immune to poison.
Your flesh is very heat resistant. (rF++)
You are vulnerable to cold. (rC-)
You float through the air rather than walking.
You learn spells naturally, not from books.
Your magical power is your life essence.
You have superior vitality. (+4 MHP)


Message History

The spell is quite dangerous to miscast (21% risk of failure)!
Continue anyway?
Aiming: Inner Flame (quite dangerous; 21% risk of failure)
Press: ? - help, Dir - move target, f - ball python
Aim: a ball python (chance to affect: 76%)
The ball python is filled with an inner flame.
The blast of sand hits the ball python!
The ball python explodes!
The fiery explosion engulfs you! You resist.
You start resting.
HP restored.
You reach down and open the door.
A frilled lizard comes into view.
Found 8 gold pieces.
A frilled lizard is nearby!
The blast of sand hits the frilled lizard!
You kill the frilled lizard!
You can't see any susceptible monsters within range! (Use Z to cast anyway.)
There is an open door here.
Found 5 stones.
You now have 103 gold pieces (gained 8).
A bat comes into view.
A bat is nearby!
Casting: Sandblast (safe; 7% risk of failure)
Confirm with . or Enter, or press ? or * to list all spells.
The spell is quite dangerous to miscast (21% risk of failure)!
Continue anyway?
Aiming: Inner Flame (quite dangerous; 21% risk of failure)
Press: ? - help, Dir - move target, f - bat
Aim: a bat (asleep, chance to affect: 76%)
The bat is filled with an inner flame.
You shoot a sling bullet.
The sling bullet closely misses the bat.
The bat hits you but does no damage.
You shoot a sling bullet. The sling bullet hits the bat.
The bat explodes!
The fiery explosion engulfs you! You resist.
You are engulfed in blazing flames.
You resist.
* * * LOW HITPOINT WARNING * * *
Your Ranged Weapons skill increases to level 2!
You are engulfed in blazing flames.
You resist.
You die...

#.'...# ###...#
#####..######
#...........#
#......#....#
#......#....#
#......##...#
#......####.###
#......# #.§@#
#......# ###§#
#...... §§§.
.....(.
.........#
..........#
#..........#
#.........##


There were no monsters in sight!

Vanquished Creatures
  An adder (D:2)
  5 ball pythons
  4 endoplasms (D:1)
  A giant cockroach (D:1)
  2 goblins (D:1)
  4 hobgoblins (D:1)
  A bat (D:2)
  A frilled lizard (D:2)
  3 kobolds (D:1)
  A rat (D:1)
23 creatures vanquished.

Notes
Turn   | Place    | Note
-------+----------+-------------------------------------------
     0 | D:1      | MisterAzrael the Djinni Hexslinger began the quest for the
                  | Orb.
     0 | D:1      | MisterAzrael set off with the following spells memorised:
                  | Slow, Inner Flame, Portal Projectile, Cause Fear.
     0 | D:1      | Reached XP level 1. HP: 17/17 MP: 0/0
    99 | D:1      | Reached XP level 2. HP: 22/22 MP: 0/0
   487 | D:1      | Reached XP level 3. HP: 27/27 MP: 0/0
   487 | D:1      | Learned a level 1 spell: Sandblast
  1214 | D:2      | Engulfed by a cloud of flame

Illustrated notes

Levels and vault maps discovered:
D:1:      evilmike_arrival_hilbert_curve, layout_basic
D:2:      layout_basic, shapermc_ecumenical_altar_mp_vishouse, uniq_terence

Skill      XL: |  1  2  3 |
---------------+----------+-----
Ranged Weapons | 2 |  2.0
Fighting       | |  1.6
Dodging        | |  2.7
Spellcasting   | |  2.6
Conjurations   | |  2.6
Hexes          | |  2.6
Summonings     | |  2.6
Necromancy     | |  2.6
Translocations | |  2.6
Transmutations | |  2.6
Fire Magic     | |  2.6
Ice Magic      | |  2.6
Air Magic      | |  2.6
Earth Magic    | |  2.6
Poison Magic   | |  2.6

Action                     || total
---------------------------++-------
   Fire: Sling             ||    65
   Cast: Slow              ||     5
         Inner Flame       ||     4
         Sandblast         ||     2
 Armour: Robe              ||     8
  Dodge: Dodged            ||    16

Table legend: (Time is in decaauts)
 A = Elapsed time spent in this place.
 B = Non-inter-level travel time spent in this place.
 C = Inter-level travel time spent in this place.
 D = Time resting spent in this place.
 E = Time spent auto-exploring this place.
 F = Levels seen in this place.
 G = Mean time per level.
                   A        B        C        D        E       F      G
               +--------+--------+--------+--------+--------+-----+--------+
         Total |   1235 |   1212 |     23 |    199 |    843 |   2 |  617.5 |
       Dungeon |   1235 |   1212 |     23 |    199 |    843 |   2 |  617.5 |
               +--------+--------+--------+--------+--------+-----+--------+

Top non-repeatable levels by time:
     D:1: 895 daAuts
     D:2: 339 daAuts
